 Dungeon Crawl Stone Soup version 0.31-a0-845-g9abc20d24f (webtiles) character file.

Game seed: 2380871352859904589

108 promet the Magician (level 4, -11/25 HPs)
             Began as a Deep Elf Hedge Wizard on Oct 2, 2023.
             Was an Initiate of Sif Muna.
             Mangled by an ogre
             ... wielding a +0 giant club
              (16 damage)
             ... on level 4 of the Dungeon on Oct 3, 2023.
             The game lasted 00:22:13 (4588 turns).

promet the Magician (Deep Elf Hedge Wizard)         Turns: 4588, Time: 00:22:14

Health: -11/25     AC:  7    Str: 10    XL:     4   Next: 58%
Magic:  9/13       EV: 12    Int: 27    God:    Sif Muna [......]
Gold:   222        SH:  0    Dex: 14    Spells: 9/14 levels left

rFire   . . .        a - +9 whip of Sauhemp {flame, Will++ Str+3}
rCold   . . .        (no shield)
rNeg    . . .        m - +3 leather armour of Midwinter {Rampage rCorr}
rPois   .            c - +0 hat
rElec   .            (no cloak)
rCorr   +            (no gloves)
SInv    .            j - +0 pair of boots {Stlth+}
Will    ++...        (no amulet)
Stlth   +++          o - +6 ring of intelligence
HPRegen 0.24/turn    (no ring)
MPRegen 0.13/turn

%: rampage
@: no status effects
A: no striking features
a: Renounce Religion


You were on level 4 of the Dungeon.
You worshipped Sif Muna.
Sif Muna was noncommittal.
You visited 1 branch of the dungeon, and saw 4 of its levels.

You collected 222 gold pieces.

Inventory:

Hand Weapons
 a - the +9 whip of Sauhemp (weapon) {flame, Will++ Str+3}
   (You found it on level 2 of the Dungeon)

   Str+3:     It affects your strength (+3).
   Will++:    It greatly increases your willpower.
 b - the +2 trident "Otereete" {pain, +Blink Will++}
   (You found it on level 3 of the Dungeon)

   Will++:    It greatly increases your willpower.
   +Blink:    It lets you blink.
 k - a +1 short sword
Missiles
 e - 28 stones
 q - 4 poisoned darts
Armour
 c - a +0 hat (worn)
 j - a +0 pair of boots of stealth (worn)
 m - the +3 leather armour of Midwinter (worn) {Rampage rCorr}
   (You found it on level 2 of the Dungeon)

   rCorr:     It protects you from acid and corrosion.
   Rampage:   It bestows one free step when moving towards enemies.
 s - a +0 robe
Jewellery
 o - a +6 ring of intelligence (left hand)
Wands
 p - a wand of mindburst (15)
Scrolls
 l - 2 scrolls of teleportation
 r - 2 scrolls of identify
Potions
 d - a potion of magic
 f - a potion of resistance {unknown}
 g - 3 potions of heal wounds {unknown}
 h - 2 potions of brilliance
 i - a potion of curing {unknown}
 n - a potion of haste {unknown}


   Skills:
 * Level 1.4 Fighting
 + Level 0.5 Short Blades
 + Level 0.2 Armour
 + Level 2.7 Dodging
 + Level 3.4 Stealth
 + Level 5.5 Spellcasting
 + Level 1.4 Conjurations
 + Level 1.5 Summonings
 + Level 1.1 Translocations
 * Level 0.1 Evocations


You had 9 spell levels left.
You knew the following spells:

 Your Spells              Type           Power      Damage    Failure   Level
a - Magic Dart            Conj           60%        1d6       4%          1
b - Call Imp              Summ           32%        N/A       8%          2
c - Blink                 Tloc           26%        N/A       9%          2

Your spell library contained the following spells:

 Spells                   Type           Power      Damage    Failure   Level
 Lesser Beckoning         Tloc           26%        N/A       9%          2
 Momentum Strike          Conj/Tloc      28%        3d8       9%          2
 Slow                     Hex            28%        N/A       10%         1
 Cigotuvi's Dreadful Rot  Necr/Pois/Air  14%        N/A       14%         2
 Mephitic Cloud           Conj/Pois/Air  10%        N/A       22%         3
 Ozocubu's Armour         Ice            7%         N/A       28%         3
 Summon Forest            Summ/Tloc      7%         N/A       83%         5
 Eringya's Noxious Bog    Tmut/Pois      3%         4d6       100%        6
 Ozocubu's Refrigeration  Ice            3%         4d8       100%        7
 Summon Hydra             Summ           8%         N/A       100%        7


Dungeon Overview and Level Annotations

Branches:
Dungeon (4/15)
 Temple: D:4-7

Altars:
Fedhas
Sif Muna


Message History

You closely miss the hobgoblin. The hobgoblin barely misses you.
Your cerulean imp hits the hobgoblin from afar with a -3 spear.
You whack the hobgoblin! You burn the hobgoblin.
You kill the hobgoblin!
Sif Muna accepts your kill.
An ogre comes into view. It is wielding a +0 giant club.
A hobgoblin comes into view.
The hobgoblin hits you.
Your cerulean imp closely misses the hobgoblin.
The ogre shouts!
You whack the hobgoblin! You burn the hobgoblin.
You kill the hobgoblin!
Sif Muna accepts your kill.
You rampage towards the ogre!
Found an escape hatch in the floor.
You rampage towards the hobgoblin!
You whack the hobgoblin! You burn the hobgoblin.
You kill the hobgoblin!
Sif Muna accepts your kill.
You swap places.
Your cerulean imp hits the ogre but does no damage.
Your cerulean imp disappears in a puff of smoke!
The ogre attacks as it pursues you!
The ogre hits you with a +0 giant club!!
Ouch! That really hurt!
* * * LOW HITPOINT WARNING * * *
Okay, then.
Casting: Call Imp (safe; 8% risk of failure)
Confirm with . or Enter, or press ? or * to list all spells.
You blink.
Casting: Blink (safe; 9% risk of failure)
Confirm with . or Enter, or press ? or * to list all spells.
A tiny devil pulls itself out of the air.
The ogre misses you.
Your cerulean imp hits the ogre with a -3 spear.
You see here a hobgoblin corpse.
Your cerulean imp hits the ogre with a -3 spear.
You feel ready to blink again. The ogre attacks as it pursues you!
The ogre hits you with a +0 giant club!
Ouch! That really hurt!
You die...

####.......<..#
#.....#)#...#.#
###'#####.#...# #
#.........#.....
#...).....###..##
#.........# .....
###'#####.#
.....# #.# #.#
.....# #@#
.########O#
.>......†.#
........5##
.........#
.........#
....?....#
.........#
..........


You could see an ogre (ally target) and a friendly cerulean imp (summoned).

Vanquished Creatures
  3 adders
  A worm (D:2)
  An orc (D:3)
  2 ball pythons
  3 endoplasms
  A giant cockroach (D:2)
  7 hobgoblins
  2 jackals (D:1)
  7 kobolds
  2 quokkas
  7 bats
  4 frilled lizards
  6 goblins
  10 rats
56 creatures vanquished.

Vanquished Creatures (collateral kills)
  An adder (D:2)
  A worm (D:2)
  An orc (D:2)
  An endoplasm (D:4)
  A giant cockroach (D:1)
  2 jackals (D:1)
  A ball python (D:1)
  A kobold (D:3)
9 creatures vanquished.

Grand Total: 65 creatures vanquished

Notes
Turn   | Place    | Note
-------+----------+-------------------------------------------
     0 | D:1      | promet the Deep Elf Hedge Wizard began the quest for the
                  | Orb.
     0 | D:1      | Reached XP level 1. HP: 10/10 MP: 7/7
  1119 | D:1      | Reached XP level 2. HP: 15/15 MP: 6/9
  1267 | D:1      | Learned a level 2 spell: Call Imp
  1273 | D:1      | Reached skill level 5 in Spellcasting
  2326 | D:2      | Reached XP level 3. HP: 19/19 MP: 11/11
  2476 | D:2      | Identified the +9 whip of Sauhemp {flame, Will++ Str+3}
  2580 | D:2      | Identified the +3 leather armour of Midwinter {Rampage
                  | rCorr}
  2676 | D:2      | Found a blossoming altar of Fedhas.
  3007 | D:2      | Reached skill level 1 in Fighting
  3007 | D:2      | Reached XP level 4. HP: 25/25 MP: 7/13
  3303 | D:2      | Found a faded altar of an unknown god.
  3338 | D:2      | Learned a level 2 spell: Blink
  4088 | D:3      | Identified the +2 trident "Otereete" {pain, +Blink Will++}
  4175 | D:3      | Found a shimmering blue altar of Sif Muna.
  4199 | D:3      | Became a worshipper of Sif Muna the Loreminder
  4578 | D:4      | Noticed an ogre
  4588 | D:4      | Mangled by an ogre

Illustrated notes

Levels and vault maps discovered:
D:1:      dpeg_arrival_tiny_g, layout_loops_corners
D:2:      layout_loops_ring, hellmonk_ecumenical_altar_pennies_from_heaven,
          basic_altar, small_statue_intersection, minmay_tripent
D:3:      layout_basic, mainiacjoe_overflow_catwalk
D:4:      kennysheep_the_goblin_king, layout_basic, marbit_many_paths,
          uniq_robin, uniq_menkaure, uniq_edmund, uniq_crazy_yiuf_cottage

Skill      XL: |  1  2  3 |
---------------+----------+-----
Spellcasting   | 5 |  5.5
Stealth        | 3 |  3.4
Fighting       | 1 |  1.4
Short Blades   | |  0.5
Armour         | |  0.2
Dodging        | |  2.7
Conjurations   | |  1.4
Summonings     | |  1.5
Translocations | |  1.1
Evocations     | |  0.1

Action                     |  1- 3 |  4- 6 || total
---------------------------+-------+-------++-------
  Melee: Dagger            |    13 |       ||    13
         Punch             |     1 |       ||     1
         Short sword       |    27 |       ||    27
         Whip              |     7 |    17 ||    24
   Cast: Magic Dart        |    52 |    29 ||    81
         Call Imp          |    13 |     7 ||    20
         Blink             |       |     1 ||     1
    Use: Scroll            |     1 |     6 ||     7
   Stab: Sleeping          |     7 |     3 ||    10
 Armour: Robe              |    25 |       ||    25
         Leather armour    |     4 |     8 ||    12
  Dodge: Dodged            |    47 |     9 ||    56

Table legend: (Time is in decaauts)
 A = Elapsed time spent in this place.
 B = Non-inter-level travel time spent in this place.
 C = Inter-level travel time spent in this place.
 D = Time resting spent in this place.
 E = Time spent auto-exploring this place.
 F = Levels seen in this place.
 G = Mean time per level.
                   A        B        C        D        E       F      G
               +--------+--------+--------+--------+--------+-----+--------+
         Total |   4591 |   4468 |    123 |   1706 |   1314 |   4 | 1147.8 |
       Dungeon |   4591 |   4468 |    123 |   1706 |   1314 |   4 | 1147.8 |
               +--------+--------+--------+--------+--------+-----+--------+

Top non-repeatable levels by time:
     D:1: 2291 daAuts
     D:2: 1573 daAuts
     D:3: 682 daAuts
     D:4: 44 daAuts
